 Dungeon Crawl Stone Soup version 0.29-a0-555-g3b24f45cc1 (webtiles) character file.

Game seed: 12019558113573610525

125847 zishaf the Lord of Darkness (level 16, -1/138 HPs)
             Began as a Mummy Necromancer on June 7, 2022.
             Was the Champion of Kikubaaqudgha.
             Killed by divine providence
             ... invoked by a meliai
              (13 damage)
             ... on level 1 of the Spider Nest.
             The game lasted 01:35:17 (35985 turns).

zishaf the Lord of Darkness (Mummy Necromancer)    Turns: 35985, Time: 01:35:19

Health: -1/138     AC: 13    Str:  6 (12) XL:     16   Next: 42%
Magic:  2/50       EV: 12    Int: 16 (21) God:    Kikubaaqudgha [******]
Gold:   1250       SH: 10    Dex: 12 (13) Spells: 10/39 levels left

rFire   x . .      SeeInvis +   b - staff of earth
rCold   + + .      Faith    .   E - +0 buckler
rNeg    + + +      Spirit   .   n - +2 robe {rC+}
rPois   ∞          Reflect  +   h - +1 helmet
rElec   .          Harm     .   c - +0 cloak
rCorr   .          Rampage  .   O - +2 pair of gloves
Will    ++...                   I - +2 pair of boots
Stlth   ++........              P - amulet "Ygots" {Reflect MP+9 SH+5}
HPRegen 0.33/turn               q - ring of magical power
MPRegen 0.32/turn               V - ring of see invisible

@: no status effects
A: cold resistance 1, negative energy resistance 3, torment resistance 2, heat
vulnerability 1, in touch with death 2, no potions
a: Renounce Religion, Unearth Wretches, Torment, Brand Weapon With Pain, Receive
Forbidden Knowledge


You were on level 1 of the Spider Nest.
You worshipped Kikubaaqudgha.
Kikubaaqudgha was exalted by your worship.
You visited 4 branches of the dungeon, and saw 24 of its levels.
You also visited: Ice Cave.

You collected 2461 gold pieces.
You spent 1211 gold pieces at shops.

Inventory:

Hand Weapons
 a - a +2 vorpal falchion
 e - a +0 dagger
 H - a +0 broad axe
 J - the +8 war axe "Musyx" {freeze, rC- rN+ Stlth+}
   (You found it on level 5 of the Lair of Beasts)

   It freezes those it strikes, dealing additional cold damage.
   It can also slow down cold-blooded creatures.
   rC:        It makes you vulnerable to cold.
   rN:        It protects you from negative energy.
   Stlth:     It makes you more stealthy.
 L - a +0 long sword
 U - a +2 demon trident of venom
Missiles
 f - 26 boomerangs
 v - a throwing net
Armour
 c - a +0 cloak (worn)
 h - a +1 helmet (worn)
 n - a +2 robe of cold resistance (worn)
 E - a +0 buckler (worn)
 I - a +2 pair of boots (worn)
 O - a +2 pair of gloves (worn)
 S - a +0 tower shield
Magical Staves
 b - a staff of earth (weapon)
Jewellery
 d - an amulet of regeneration
 g - a ring of protection from cold
 i - a +6 ring of dexterity
 q - a ring of magical power (left hand)
 D - a ring of ice
 N - a ring of willpower
 P - the amulet "Ygots" (around neck) {Reflect MP+9 SH+5}
   (You bought it in a shop on level 7 of the Dungeon)

   [amulet of reflection]

   It reflects blocked missile attacks.
   MP:        It affects your magic capacity (+9).
   SH:        It affects your SH (+5).
 R - an amulet of guardian spirit
 V - a ring of see invisible (right hand)
Wands
 m - a wand of mindburst (3)
 t - a wand of polymorph (12)
 u - a wand of paralysis (10)
 A - a wand of iceblast (23)
 Q - a wand of charming (6)
 T - a wand of flame (9)
Scrolls
 k - 2 scrolls of brand weapon
 o - 8 scrolls of teleportation
 p - 2 scrolls of magic mapping
 r - 3 scrolls of silence
 s - 5 scrolls of vulnerability
 w - 7 scrolls of enchant armour
 x - a scroll of fear
 y - 6 scrolls of fog
 z - a scroll of blinking
 B - 2 scrolls of poison
 C - 5 scrolls of enchant weapon
 F - 3 scrolls of torment
 G - 9 scrolls of identify
 K - 4 scrolls of immolation
Miscellaneous
 j - a phial of floods
 l - a tin of tremorstones (2/2)
 W - a condenser vane


   Skills:
 + Level 15.9 Fighting
 - Level 2.0 Armour
 - Level 3.0 Dodging
 - Level 1.5 Stealth
 - Level 5.0 Shields
 + Level 12.0 Spellcasting
 - Level 1.1 Summonings
 + Level 19.6 Necromancy
 - Level 10.0 Earth Magic


You had 10 spell levels left.
You knew the following spells:

 Your Spells              Type           Power      Damage    Failure   Level
a - Necrotize             Necr           100%       1d9       0%          1
b - Vampiric Draining     Necr           100%       2d13      0%          3
c - Dispel Undead         Necr           100%       3d31      1%          4
e - Summon Cactus Giant   Summ           6%         N/A       100%        6
z - Borgnjor's Vile Clut  Necr/Erth      56%        N/A       1%          5
A - Animate Dead          Necr           100%       N/A       1%          4
B - Death Channel         Necr           52%        N/A       1%          6

Your spell library contained the following spells:

 Spells                   Type           Power      Damage    Failure   Level
 Passwall                 Tmut/Erth      31%        N/A       1%          2
 Anguish                  Hex/Necr       37%        N/A       1%          4
 Agony                    Necr           100%       N/A       1%          5
 Call Imp                 Summ           13%        N/A       9%          2
 Magic Dart               Conj           36%        1d4       10%         1
 Slow                     Hex            36%        N/A       10%         1
 Sting                    Tmut/Pois      36%        1d4       10%         1
 Animate Armour           Summ/Erth      82%        N/A       10%         4
 Ensorcelled Hibernation  Hex/Ice        18%        N/A       14%         2
 Poisonous Vapours        Pois/Air       18%        N/A       14%         2
 Simulacrum               Ice/Necr       37%        N/A       26%         6
 Confusing Touch          Hex            9%         N/A       28%         3
 Conjure Flame            Conj/Fire      9%         6-21      28%         3
 Dazzling Flash           Conj/Hex       18%        N/A       28%         3
 Ignite Poison            Fire/Tmut/Pois 9%         N/A       28%         3
 Mephitic Cloud           Conj/Pois/Air  9%         N/A       28%         3
 Ozocubu's Armour         Ice            9%         N/A       28%         3
 Swiftness                Air            9%         N/A       28%         3
 Olgreb's Toxic Radiance  Pois           9%         N/A       67%         4
 Sticky Flame             Conj/Fire      9%         2d3       67%         4
 Summon Forest            Summ/Tloc      5%         N/A       90%         5
 Summon Mana Viper        Hex/Summ       11%        N/A       90%         5
 Alistair's Intoxication  Tmut/Pois      6%         N/A       95%         5
 Silence                  Hex/Air        4%         N/A       95%         5
 Eringya's Noxious Bog    Tmut/Pois      4%         N/A       100%        6
 Monstrous Menagerie      Summ           6%         N/A       100%        7
 Ozocubu's Refrigeration  Ice            4%         4d5       100%        7
 Summon Hydra             Summ           6%         N/A       100%        7
 Sublimation of Blood     Necr           Unusable   N/A       N/A         2
 Wereblood                Tmut           Unusable   N/A       N/A         2
 Spider Form              Tmut/Pois      Unusable   N/A       N/A         3

Dungeon Overview and Level Annotations

Branches:
Dungeon (15/15)            Temple (0/1) D:7            Lair (6/6) D:8
 Shoals (0/4) Lair:4       Spider (1/4) Lair:4        Slime (0/5) Lair:6
    Orc (2/2) D:12            Elf (0/3) Orc:2        Vaults (0/5) D:14
 Depths (0/4) D:15          IceCv (visited)

Altars:
Ashenzari
Cheibriados
Elyvilon
Gozag
Kikubaaqudgha
Makhleb
Okawaru
Qazlal
Ru
Sif Muna
Trog
Zin
The Shining One
Beogh
Lugonu

Shops:
D:7 =(=[[   D:9 *   D:11 *   Orc:2 ([((

Portals:
Abyss: Lair:6

Annotations:
D:9 Erica
D:13 2 transporters, spaghetti's ghost, journeyman GnWn


Innate Abilities, Weirdness & Mutations

You are immune to poison.
Your flesh is cold resistant. (rC+)
You are immune to negative energy. (rN+++)
You are immune to unholy pain and torment.
You are vulnerable to heat. (rF-)
You are strongly in touch with the powers of death.
You do not drink.


Message History

The ghost moth stings your tarantella zombie.
The ghost moth stares at you.
You feel your power leaking away.
The ghost moth hits your tarantella zombie!
The ghost moth barely misses your tarantella zombie.
The ghost moth completely misses your tarantella zombie.
The ghost moth hits your tarantella zombie!!
The ghost moth hits your tarantella zombie.
The ghost moth stings your tarantella zombie!
Your tarantella zombie is destroyed!
Aiming: Iceblast
Press: ? - help, Shift-Dir - straight line, f - ghost moth
Aim: a ghost moth (severely wounded, slightly transparent)
The mass of ice explodes!
The iceblast engulfs the ghost moth.
The ghost moth partially resists.
The ghost moth is severely wounded.
The ghost moth stares at you.
Aiming: Iceblast
Press: ? - help, Shift-Dir - straight line, f/p - ghost moth
Aim: a ghost moth (severely wounded, slightly transparent)
The mass of ice explodes!
The iceblast engulfs the ghost moth but does no damage.
The ghost moth is severely wounded.
Unknown command.
As you read the scroll of teleportation, it crumbles to dust.
You feel strangely unstable.
The ghost moth attacks as you move away!
You block the ghost moth's attack. The ghost moth hits you!
* * * LOW HITPOINT WARNING * * *
You feel weakened. You block the ghost moth's attack.
Your surroundings suddenly seem different. 3 meliai come into view.
A meliai is wielding a +2 hand axe of venom.
Found 5 boomerangs.
The meliai buzzes angrily. x3
The meliai mumbles some strange prayers to its god against you.
Something smites you!
You die...
Kikubaaqudgha rasps: "You have failed me!
Welcome... oblivion!"

####### ##...y.##
#^.@(.y.# #.......#*
######## #......y.#
##......#
#.......####.......#
#.......#*#..[......
##.......##.........
##......##.........
**#......##.....Z...
*,,...........Z...#.


You could see 3 meliai.

Vanquished Creatures
  Jorgrun (D:14)
  Agnes (Spider:1)
  Louise (Spider:1)
  2 very ugly things (IceCv)
  A fire dragon (D:15)
  4 boulder beetles
  2 rakshasas (D:15)
  4 hydras
  2 vault guards (D:14)
  A catoblepas (D:9)
  A death knight (D:9)
  4 death yaks
  A two-headed ogre (D:8)
  6 centaur warriors
  Urug (D:10)
  A thrashing horror (Lair:6)
  3 tengu warriors
  4 orc high priests
  A pharaoh ant (Spider:1)
  3 skeletal warriors (D:14)
  The ghost of jujuben the Arsonist, a novice DEFE of Vehumet (D:9)
  A glowing orange brain (D:15)
  A steelbarb worm (Spider:1)
  An orange crystal statue (IceCv)
  A wizard (D:15)
  An orc knight (Orc:2)
  A wolf spider (shapeshifter) (D:14)
  8 ugly things
  A wolf spider (D:15)
  2 deep elf pyromancers
  4 orc sorcerers
  4 cyclopes
  5 manticores
  12 elephants
  2 oklob plants (Lair:6)
  Joseph (D:8)
  3 black mambas
  A gargoyle (D:12)
  2 cane toads
  2 unseen horrors
  A demonic crawler (Spider:1)
  3 freezing wraiths
  5 kobold demonologists
  A rime drake (Lair:5)
  A golden dragon simulacrum (IceCv)
  2 anaconda simulacra (IceCv)
  2 komodo dragons
  7 trolls
  A wolf spider simulacrum (D:11)
  A polar bear (Lair:6)
  A troll (shapeshifter) (D:13)
  A large abomination (Lair:6)
  2 meliai
  A wandering mushroom (Lair:6)
  6 blink frogs
  4 tarantellas
  A wind drake (Lair:4)
  7 slime creatures
  Sigmund (D:5)
  2 shadows
  22 yaks
  A vampire (D:12)
  3 wyverns
  A dire elephant simulacrum (IceCv)
  3 humans (D:14)
  4 basilisks
  3 wraiths
  A chaos spawn (Lair:6)
  4 redbacks (Spider:1)
  20 vampire mosquitoes
  Edmund (D:4)
  2 wargs
  4 acid dragons
  Menkaure (D:5)
  13 water moccasins
  An ice beast (D:5)
  30 orc warriors
  A black bear (Lair:1)
  An alligator simulacrum (IceCv)
  8 centaurs
  A wolf (Lair:3)
  4 ogres
  5 kobold brigands
  Blork the orc (D:6)
  11 bullfrogs
  A gnoll sergeant (D:5)
  6 scorpions
  9 killer bees (D:8)
  2 lindwurm simulacra (IceCv)
  9 howler monkeys
  An electric eel (D:12)
  A lava snake (D:8)
  2 hounds (D:4)
  14 orc priests
  A jelly (D:8)
  An iguana (D:5)
  26 orc wizards
  8 gnolls
  6 adders
  2 shadow imps
  A worm (D:2)
  4 dart slugs
  66 orcs
  5 bats
  5 endoplasms
  A giant cockroach (D:1)
  19 goblins
  10 hobgoblins
  9 jackals
  4 quokkas
  5 ball pythons
  4 frilled lizards
  17 kobolds
  5 rats
538 creatures vanquished.

Vanquished Creatures (collateral kills)
  Saint Roka (Orc:2)
  2 entropy weavers (Spider:1)
  Snorg (D:10)
  Fannar (D:10)
  A vault guard (D:14)
  2 hydras (Lair:5)
  A radroach (Spider:1)
  A two-headed ogre (D:9)
  2 centaur warriors (D:15)
  A jorogumo (Spider:1)
  15 death yaks
  A large abomination (Lair:6)
  2 thrashing horrors (Lair:6)
  A steelbarb worm (Spider:1)
  3 pharaoh ants (Spider:1)
  6 ugly things
  2 wolf spiders (Spider:1)
  2 manticores (D:15)
  3 elephants
  A water nymph (shapeshifter) (D:15)
  A smoke demon (Lair:6)
  4 cane toads
  2 komodo dragons (Lair:5)
  A kobold demonologist (D:11)
  A rime drake (Lair:6)
  3 demonic crawlers (Spider:1)
  A komodo dragon (shapeshifter) (Lair:6)
  An anaconda simulacrum (IceCv)
  An ancient zyme (Lair:6)
  2 meliai (Spider:1)
  A troll (shapeshifter) (D:14)
  2 polar bears
  3 tarantellas (Spider:1)
  18 blink frogs
  Grinder (D:6)
  2 culicivoras (Spider:1)
  5 jumping spiders (Spider:1)
  A ynoxinul (Lair:6)
  A shadow (D:7)
  24 yaks
  A spriggan (shapeshifter) (Lair:6)
  A human (shapeshifter) (Lair:6)
  5 humans (D:14)
  7 basilisks
  7 redbacks (Spider:1)
  A chaos spawn (Lair:6)
  4 wargs
  8 water moccasins
  6 orc warriors
  9 small abominations (Lair:6)
  2 ogres (Orc:2)
  3 wolves (Lair:3)
  2 centaurs (D:14)
  2 kobold brigands
  2 bullfrogs
  12 killer bees
  4 electric eels
  A howler monkey (D:10)
  A lava snake (D:8)
  A jelly (D:8)
  Crazy Yiuf (D:7)
  6 orc priests
  3 iguanas
  5 orc wizards (Orc:2)
  Robin (D:2)
  A shadow imp (D:7)
  A white imp (D:7)
  35 orcs
  2 goblins (D:2)
  A jackal (D:1)
  4 kobolds (D:6)
  A ball python (D:9)
  3 frilled lizards (D:6)
  A rat (D:2)
  A bush (Lair:6)
  A butterfly (Lair:3)
270 creatures vanquished.

Vanquished Creatures (others)
  An emperor scorpion (Spider:1)
  A very ugly thing zombie (IceCv)
  4 hydras
  A boulder beetle (D:10)
  A jorogumo (Spider:1)
  A death yak (Lair:4)
  A two-headed ogre (D:6)
  A fire crab (Lair:4)
  An entropy weaver zombie (Spider:1)
  A wizard (D:9)
  3 ugly thing zombies (D:15)
  A deep elf pyromancer (D:9)
  2 wolf spider zombies
  2 jorogumo zombies (Spider:1)
  A cyclops (D:9)
  A black mamba (Lair:4)
  2 manticores
  3 cane toads
  10 death yak zombies
  A torpor snail (Lair:3)
  9 redback zombies (Spider:1)
  2 rime drakes
  4 komodo dragons
  A catoblepas zombie (D:9)
  A steelbarb worm zombie (Spider:1)
  A tengu conjurer (D:8)
  A demonic crawler zombie (Spider:1)
  A polar bear (IceCv)
  2 trolls
  2 jumping spider zombies (Spider:1)
  6 hydra zombies
  2 blink frogs
  5 meliai zombies (Spider:1)
  4 tarantella zombies (Spider:1)
  A hornet (D:6)
  A boulder beetle zombie (D:10)
  2 jumping spiders (Spider:1)
  A black mamba zombie (Lair:4)
  A wyvern (D:8)
  3 yaks
  A human (D:14)
  A basilisk (Lair:3)
  A steam dragon (D:4)
  An acid dragon (D:7)
  2 two-headed ogre zombies (D:9)
  3 cane toad zombies
  2 water moccasins
  An ice beast (IceCv)
  2 elephant zombies (Lair:3)
  An elf zombie (D:9)
  10 blink frog zombies (Lair:6)
  3 manticore zombies
  2 wolves
  2 rime drake zombies
  3 bullfrogs
  A komodo dragon zombie (Lair:6)
  A scorpion (D:6)
  2 wyvern zombies (D:8)
  A cyclops zombie (D:9)
  6 water moccasin zombies
  3 warg zombies (Orc:2)
  3 tengu zombies
  8 yak zombies
  5 troll zombies
  2 polar bear zombies
  2 wolf zombies
  4 bullfrog zombies
  8 centaur zombies
  A human zombie (D:8)
  A basilisk zombie (Lair:3)
  2 orc wizards
  3 scorpion zombies
  2 acid dragon zombies (D:7)
  An ice beast zombie (IceCv)
  2 howler monkey zombies (D:8)
  3 adders
  2 adder zombies (D:7)
  54 orc zombies
  An orc (D:8)
  An endoplasm (D:7)
  A goblin (D:8)
  A hobgoblin (D:9)
  An endoplasm zombie (D:7)
  A goblin zombie (D:8)
  A hobgoblin zombie (D:9)
  A bush (Lair:6)
  134 fungi
  119 plants
502 creatures vanquished.

Grand Total: 1310 creatures vanquished

Notes
Turn   | Place    | Note
-------+----------+-------------------------------------------
     0 | D:1      | zishaf the Mummy Necromancer began the quest for the Orb.
     0 | D:1      | Reached XP level 1. HP: 13/13 MP: 4/4
   178 | D:1      | Reached XP level 2. HP: 20/20 MP: 0/6
   317 | D:1      | Reached skill level 1 in Fighting
   470 | D:1      | Found a faded altar of an unknown god.
   803 | D:1      | Gained mutation: You are in touch with the powers of death.
                  | [Mummy growth]
   803 | D:1      | Reached XP level 3. HP: 23/26 MP: 0/7
   967 | D:2      | Found an ancient bone altar of Kikubaaqudgha.
  1015 | D:2      | Became a worshipper of Kikubaaqudgha
  1268 | D:2      | Noticed Robin
  1474 | D:2      | Learned a level 3 spell: Vampiric Draining
  1494 | D:2      | Killed Robin
  1495 | D:2      | Reached XP level 4. HP: 33/33 MP: 0/9
  1616 | D:2      | Reached * piety under Kikubaaqudgha
  1616 | D:2      | Received a gift from Kikubaaqudgha
  1745 | D:2      | Found the +1 Delatra's gloves {ID++}
  2408 | D:3      | Reached XP level 5. HP: 23/39 MP: 9/11
  2416 | D:3      | Reached ** piety under Kikubaaqudgha
  2421 | D:3      | Reached skill level 5 in Necromancy
  3204 | D:4      | Noticed an ogre
  3214 | D:4      | Learned a level 4 spell: Animate Dead
  3227 | D:4      | Killed an ogre
  3228 | D:4      | Reached XP level 6. HP: 47/47 MP: 4/13
  3236 | D:4      | Reached skill level 5 in Spellcasting
  3473 | D:4      | Found a broken altar of Ashenzari.
  3855 | D:4      | Found a bloodstained altar of Trog.
  4342 | D:4      | Reached XP level 7. HP: 54/54 MP: 15/15
  4453 | D:5      | Entered Level 5 of the Dungeon
  4462 | D:5      | Noticed Edmund
  4579 | D:4      | Killed Edmund
  4580 | D:4      | Reached skill level 6 in Necromancy
  4935 | D:5      | Found a shimmering blue altar of Sif Muna.
  4946 | D:5      | Found an ancient bone altar of Kikubaaqudgha.
  5210 | D:5      | Noticed Sigmund
  5212 | D:5      | Killed Sigmund
  5347 | D:5      | Reached skill level 5 in Fighting
  5347 | D:5      | Reached skill level 7 in Necromancy
  5347 | D:5      | Reached XP level 8. HP: 62/62 MP: 13/18
  5959 | D:6      | Learned a level 6 spell: Summon Cactus Giant
  6035 | D:6      | Noticed Menkaure
  6290 | D:5      | Killed Menkaure
  6291 | D:5      | Reached skill level 1 in Summonings
  6450 | D:6      | Noticed Blork the orc
  6460 | D:6      | Killed Blork the orc
  6460 | D:6      | Reached *** piety under Kikubaaqudgha
  6460 | D:6      | Received a gift from Kikubaaqudgha
  6461 | D:6      | Reached skill level 8 in Necromancy
  6469 | D:6      | Learned a level 5 spell: Borgnjor's Vile Clutch
  6548 | D:6      | Noticed Grinder
  6570 | D:6      | Killed Grinder
  6571 | D:6      | Reached skill level 1 in Earth Magic
  6891 | D:7      | Found a stormy altar of Qazlal.
  6921 | D:7      | Found Qaill's Antique Weapon Shoppe.
  6964 | D:7      | Reached XP level 9. HP: 32/69 MP: 20/20
  7323 | D:7      | Found Gasahiv's Antique Armour Shoppe.
  7361 | D:7      | Bought a pair of boots for 144 gold pieces
  7551 | D:7      | Found an iron altar of Okawaru.
  7552 | D:7      | Found a sacrificial altar of Ru.
  7557 | D:7      | Found a burning altar of Makhleb.
  7563 | D:7      | Learned a level 4 spell: Dispel Undead
  7587 | D:7      | Found Kirhel's Jewellery Shop.
  7624 | D:7      | Found a staircase to the Ecumenical Temple.
  7640 | D:7      | Found Lemecvon's Armour Emporium.
  7859 | D:7      | Found Heonezey's Jewellery Shop.
  7902 | D:7      | Reached skill level 9 in Necromancy
  8089 | D:7      | Found a runed translucent door.
  8090 | D:7      | Noticed Crazy Yiuf
  8096 | D:7      | Killed Crazy Yiuf
  8195 | D:8      | Noticed a centaur warrior
  8198 | D:8      | Noticed a centaur warrior
  8212 | D:8      | Killed a centaur warrior
  8488 | D:8      | Killed a centaur warrior
  8489 | D:8      | Reached skill level 10 in Necromancy
  8489 | D:8      | Reached XP level 10. HP: 54/79 MP: 13/23
  8851 | D:8      | Noticed a two-headed ogre
  9200 | D:8      | Found a staircase to the Lair.
  9248 | D:8      | Identified the +1 robe of Wanaoty {rPois Int+3}
  9293 | D:8      | Noticed Joseph
  9311 | D:8      | Killed Joseph
  9629 | D:8      | Your ally Joseph died
  9656 | D:8      | Reached skill level 11 in Necromancy
 10107 | D:8      | Killed a two-headed ogre
 10108 | D:8      | Reached skill level 10 in Spellcasting
 10540 | D:9      | Learned a level 6 spell: Death Channel
 10628 | D:9      | Noticed a two-headed ogre
 10628 | D:9      | Noticed a four-headed hydra
 10628 | D:9      | Noticed a death knight
 10631 | D:9      | Noticed a deep elf pyromancer
 11053 | D:9      | Reached XP level 11. HP: 83/86 MP: 24/25
 11110 | D:9      | Found Hokhluyce's General Store.
 11147 | D:9      | Found a runed translucent door.
 11147 | D:9      | Noticed jujuben's ghost (novice DEFE)
 11185 | D:9      | Killed jujuben's ghost
 11287 | D:9      | Noticed a deep elf pyromancer
 11289 | D:9      | Noticed a catoblepas
 11294 | D:9      | Killed a two-headed ogre
 11295 | D:9      | Reached skill level 5 in Earth Magic
 11302 | D:9      | Killed a catoblepas
 11420 | D:9      | Found an opulent altar of Gozag.
 11510 | D:9      | Noticed Erica
 12159 | D:9      | Killed a deep elf pyromancer
 12160 | D:9      | Reached skill level 12 in Necromancy
 12230 | D:9      | Killed a four-headed hydra
 12596 | D:10     | Entered Level 10 of the Dungeon
 12638 | D:10     | Noticed a tengu warrior
 12875 | D:10     | Noticed Fannar
 12891 | D:10     | Killed Fannar
 12996 | D:10     | Noticed Snorg
 13005 | D:10     | Killed Snorg
 13046 | D:10     | Noticed Urug
 13071 | D:10     | Your ally Snorg died
 13072 | D:10     | Your ally Snorg died
 13085 | D:10     | Killed Urug
 13498 | D:10     | Noticed a centaur warrior
 13638 | D:10     | Killed a tengu warrior
 13719 | D:10     | Found a snail-covered altar of Cheibriados.
 14342 | D:10     | Killed a centaur warrior
 14343 | D:10     | Reached skill level 13 in Necromancy
 14534 | Lair:1   | Entered Level 1 of the Lair of Beasts
 14550 | Lair:1   | Reached XP level 12. HP: 71/96 MP: 19/27
 16402 | Lair:2   | Reached skill level 10 in Fighting
 17564 | Lair:3   | Reached skill level 14 in Necromancy
 18935 | Lair:4   | Noticed a death yak
 18950 | Lair:4   | Found a hole to the Spider Nest.
 19293 | Lair:4   | Noticed a death yak
 19300 | Lair:4   | Noticed a death yak
 19307 | Lair:4   | Killed a death yak
 19309 | Lair:4   | Killed a death yak
 19310 | Lair:4   | Killed a death yak
 19605 | Lair:4   | Gained mutation: You are strongly in touch with the powers
                  | of death. [Mummy growth]
 19605 | Lair:4   | Reached XP level 13. HP: 90/104 MP: 28/29
 19942 | Lair:4   | Found a staircase to the Shoals.
 20435 | Lair:5   | Reached skill level 1 in Shields
 20437 | Lair:5   | Reached skill level 15 in Necromancy
 20663 | Lair:5   | Identified the +8 war axe "Musyx" {freeze, rC- rN+ Stlth+}
 21249 | Lair:6   | Entered Level 6 of the Lair of Beasts
 21595 | Lair:6   | Reached skill level 16 in Necromancy
 21606 | Lair:6   | Reached **** piety under Kikubaaqudgha
 21728 | Lair:6   | Reached XP level 14. HP: 114/114 MP: 30/30
 21991 | Lair:6   | Found a corrupted altar of Lugonu.
 21991 | Lair:6   | Found a one-way gate to the infinite horrors of the Abyss.
 22291 | Lair:6   | Reached ***** piety under Kikubaaqudgha
 22966 | Lair:6   | Found a staircase to the Slime Pits.
 23552 | D:11     | Reached skill level 5 in Shields
 23609 | D:11     | Found Fofuunif's Overcharged Wands.
 24022 | D:11     | Reached skill level 17 in Necromancy
 24815 | D:12     | Reached skill level 1 in Armour
 24995 | D:12     | Found a staircase to the Orcish Mines.
 25879 | Orc:1    | Entered Level 1 of the Orcish Mines
 26656 | Orc:2    | Entered Level 2 of the Orcish Mines
 26852 | Orc:2    | Reached ****** piety under Kikubaaqudgha
 27302 | Orc:2    | Found Luyde's Antique Weapon Shoppe.
 27457 | Orc:2    | Found a staircase to the Elven Halls.
 27477 | Orc:2    | Noticed Saint Roka
 27478 | Orc:2    | Reached XP level 15. HP: 88/122 MP: 8/31
 27501 | Orc:2    | Killed Saint Roka
 27638 | Orc:2    | Found Caruiw's Antique Armour Boutique.
 27639 | Orc:2    | Found Fiatuara's Antique Weapon Shop.
 27980 | Orc:2    | Reached skill level 10 in Earth Magic
 27982 | Orc:2    | Found Ristaps's Weapon Shop.
 28268 | Orc:1    | Found a burning altar of Makhleb.
 28484 | D:7      | Bought the amulet "Ygots" {Reflect MP+9 SH+5} for 614 gold
                  | pieces
 28571 | D:7      | Bought an encrusted ring mail for 288 gold pieces
 28571 | D:7      | Identified the +1 ring mail of Whack-A-Mole {Fly rN+ MP-9}
                  | (You bought it in a shop on level 7 of the Dungeon)
 29230 | D:13     | Found a transporter.
 29231 | D:13     | Noticed spaghetti's ghost (journeyman GnWn)
 29662 | D:13     | Found a transporter.
 30306 | D:14     | Noticed Jorgrun
 30314 | D:14     | Killed Jorgrun
 30315 | D:14     | Reached skill level 18 in Necromancy
 31194 | D:14     | Found a gate to the Vaults.
 31506 | D:15     | Entered Level 15 of the Dungeon
 32700 | D:15     | Reached skill level 15 in Fighting
 32787 | D:15     | Reached XP level 16. HP: 90/136 MP: 5/32
 33230 | D:15     | Found a staircase to the Depths.
 33497 | Spider:1 | Entered Level 1 of the Spider Nest
 33514 | Spider:1 | Reached skill level 19 in Necromancy
 33569 | Spider:1 | Noticed Agnes
 33577 | Spider:1 | Killed Agnes
 33797 | Spider:1 | Found a frozen archway.
 33985 | IceCv    | Entered an ice cave
 34003 | IceCv    | Found a transporter.
 34259 | IceCv    | Found a transporter.
 34279 | IceCv    | Got the Handbook of Cankerous Creation
 34607 | Spider:1 | Noticed Louise
 34616 | Spider:1 | Killed Louise
 35216 | D:7      | Bought a ring of see invisible for 165 gold pieces
 35985 | Spider:1 | Killed from afar by a meliai

Illustrated notes

Levels and vault maps discovered:
D:1:      scummos_arrival_checkerplants, layout_rooms,
          hellmonk_ecumenical_altar_leap_of_faith, serial_bayou_pond_e
D:2:      layout_rooms, basic_altar, serial_bayou_pond_b,
          pf_guarded_unrand_delatra, uniq_robin
D:3:      layout_basic
D:4:      layout_loops_corners, lightli_temple_of_fire, elyvilon_altar_5,
          mainiacjoe_overflow_alcove_1
D:5:      layout_gridville, mainiacjoe_overflow_large_starburst,
          minmay_fractal_squares_5, uniq_edmund, uniq_sigmund
D:6:      layout_cave_pools, lexackson_kobold_supper, uniq_menkaure,
          uniq_grinder, uniq_blork_the_orc
D:7:      layout_loops_ring, minitemple, nicolae_qazlal_scattered_showers,
          minmay_temple_entry_overgrown, serial_shops, nicolae_shop_crystal,
          shop, shop, kennysheep_little_box, nicolae_shop_hallway_stairs,
          kennysheep_generic_room_8, uniq_crazy_yiuf_cottage
D:8:      minmay_curly_fans, layout_basic, due_lair_maze_entry_diamond,
          kennysheep_dice, uniq_joseph
D:9:      minmay_blocky_corners, layout_small_grid, nicolae_gozag_seed_capital,
          serial_shops, shop, gammafunk_ghost_grave, uniq_erica
D:10:     layout_roguey, mainiacjoe_overflow_concentric_impassable, uniq_snorg,
          uniq_fannar, uniq_urug
D:11:     layout_irregular_city, serial_rivers, chequers_serial_rivers_room_b,
          chequers_serial_rivers_room_b, chequers_serial_rivers_small_a,
          chequers_serial_rivers_small_3, chequers_serial_rivers_micro_c,
          chequers_serial_rivers_room_b, nicolae_shop_overcharged_wands
D:12:     layout_basic, orc_david_3, minmay_door_square
D:13:     layout_rooms, gammafunk_ghost_stat_death, tso_oasis_becter
D:14:     layout_small_grid, ximxim_vaults_locker_room,
          small_statue_intersection, uniq_jorgrun
D:15:     gammafunk_enter_depths_forms, layout_small_grid, serial_park_gazebo
          [serial_park_minivault_5x5_3]
Lair:1:   layout_roguey, chequers_serial_rivers_micro_b, dpeg_stationary_puzzle,
          infiniplex_staircase_pool_2
Lair:2:   layout_cave_pods, chequers_serial_rivers_room_a
Lair:3:   statuecave_lemuel, layout_cave_pods, infiniplex_staircase_pool,
          grunt_megastairs_3, lemuel_fruit_fields
Lair:4:   layout_regular_city, minmay_shoals_entry_beasts,
          spider_nest_entry_rubble
Lair:5:   layout_long_grid, grunt_megastairs_4, lemuel_fruit_tree
Lair:6:   hellmonk_lair_end_abyssal_woods, layout_small_grid,
          minmay_slime_entry_oklob_enclosed
Spider:1: layout_cave_pods, portal_ice_cave_entry_pillars_2, uniq_agnes,
          uniq_louise
Orc:1:    nicolae_orc_accident_2, layout_diamond_mine, basic_altar,
          nicolae_orc_stony_grotto
Orc:2:    grunt_orc_community_town_hall, layout_caves,
          grunt_orc_community_big_house_1, grunt_orc_community_big_house_1,
          grunt_orc_community_house_1, grunt_orc_community_house_1,
          grunt_orc_community_house_2, grunt_orc_community_house_2,
          grunt_orc_community_house_3, basic_altar

Skill      XL: |  1  2  3  4  5  6  7  8  9 10 11 12 13 14 15 16 |
---------------+-------------------------------------------------+-----
Spellcasting   | 3 4 5 6 7 9 10 11 12 | 12.0
Fighting       | 1 2 3 4 5 6 7 8 9 10 11 12 15 | 15.9
Necromancy     | 5 7 8 10 11 13 14 16 17 18 19 | 19.6
Summonings     | 1 |  1.1
Earth Magic    | 1 3 4 6 7 8 9 10 | 10.0
Shields        | 3 5 |  5.0
Dodging        | 3 |  3.0
Armour         | 2 |  2.0
Stealth        | |  1.5

Action                   |  1- 3 |  4- 6 |  7- 9 | 10-12 | 13-15 | 16-18 || total
-------------------------+-------+-------+-------+-------+-------+-------++-------
Melee: Dagger            |     6 |    16 |       |       |       |       ||    22
       Falchion          |       |    27 |    91 |   137 |    14 |       ||   269
       Long sword        |       |     9 |       |       |       |       ||     9
       Punch             |       |       |     2 |     5 |       |       ||     7
       Staff             |       |       |       |       |   150 |     9 ||   159
 Cast: Necrotize         |    83 |    77 |    75 |    48 |     8 |       ||   291
       Vampiric Draining |       |     3 |    28 |   162 |   123 |    11 ||   327
       Animate Dead      |       |       |     3 |    10 |    10 |     5 ||    28
       Dispel Undead     |       |       |       |     3 |    41 |    11 ||    55
       Borgnjor's Vile C |       |       |       |    27 |   176 |    31 ||   234
       Death Channel     |       |       |       |     4 |    13 |     5 ||    22
Invok: Unearth Wretches  |       |       |     3 |    10 |     3 |     2 ||    18
Evoke: Wand              |       |       |     5 |       |     9 |     5 ||    19
       Phial of floods   |       |       |       |       |     1 |       ||     1
  Use: Scroll            |       |     3 |     6 |     6 |     2 |     6 ||    23
 Stab: Sleeping          |       |     4 |     1 |     1 |     1 |       ||     7
Armor: Robe              |    10 |    31 |    83 |   164 |   192 |    32 ||   512
Dodge: Dodged            |    25 |    37 |   120 |   278 |   210 |    49 ||   719
Block: Buckler           |       |       |       |       |   133 |    46 ||   179
       Reflection        |       |       |       |       |    16 |       ||    16

Table legend: (Time is in decaauts)
 A = Elapsed time spent in this place.
 B = Non-inter-level travel time spent in this place.
 C = Inter-level travel time spent in this place.
 D = Time resting spent in this place.
 E = Time spent auto-exploring this place.
 F = Levels seen in this place.
 G = Mean time per level.
                   A        B        C        D        E       F      G
               +--------+--------+--------+--------+--------+-----+--------+
         Total |  38077 |  35872 |   2205 |   6399 |  22274 |  25 | 1523.1 |
       Dungeon |  23082 |  21622 |   1460 |   4107 |  13171 |  15 | 1538.8 |
          Lair |  10454 |   9826 |    628 |   1758 |   6370 |   6 | 1742.3 |
   Spider Nest |   1357 |   1348 |      9 |    157 |    715 |   1 | 1357.0 |
  Orcish Mines |   2776 |   2669 |    107 |     47 |   2018 |   2 | 1388.0 |
      Ice Cave |    406 |    406 |      0 |    330 |      0 |   1 |  406.0 |
               +--------+--------+--------+--------+--------+-----+--------+

Top non-repeatable levels by time:
     D:8: 2937 daAuts
  Lair:4: 2213 daAuts
    D:14: 2186 daAuts
  Lair:6: 2121 daAuts
    D:10: 1986 daAuts
     D:7: 1968 daAuts
  Lair:3: 1849 daAuts
     D:9: 1829 daAuts
  Lair:2: 1804 daAuts
   Orc:2: 1752 daAuts
     D:4: 1609 daAuts
  Lair:1: 1540 daAuts
    D:12: 1493 daAuts
    D:15: 1484 daAuts
     D:5: 1483 daAuts
